AoeStats
← RodentDogsRCool

Arabia

505539015Analyzed
1v1 RM · 24d ago on Sep 9, 2026· 30m 9s· 2 players
Game mode
Random Map
Map size
Tiny (2 player)
Population
200
Speed
Normal
Resources
Standard
Victory
Conquest
Starting age
Dark Age
Ending age
Imperial Age
RankedLock teamsTeams togetherTeam positionsShared explorationLock speedFull tech treeHidden civsTurbo modeCheats
Victory
Defeat
🇺🇸 Ethiopians · United States
967
+15
🇳🇱 Bohemians · Netherlands
950
-15
anoniemus
7:34 Loom
9:23 Feudal Age
10:40 Double-Bit Axe
18:32 Castle Age
22:36 Padded Archer Armor
22:27 Fletching
24:05 Chemistry
RodentDogsRCool
7:55 Loom
10:15 Feudal Age
11:34 Double-Bit Axe
14:39 Wheelbarrow
17:19 Fletching
20:27 Castle Age
19:05 Padded Archer Armor
20:13 Horse Collar
20:27 Gold Mining
20:46 Scale Barding Armor
21:28 Bow Saw
23:56 Husbandry
25:03 Forging
26:23 Iron Casting
27:50 Bodkin Arrow
28:44 Crossbowman
30:32 Chain Barding Armor
Connection lost

Rejoining the realm…

Still unreachable

The connection could not be restored.

Session expired

The server has moved on; the page needs a fresh start.